 Dungeon Crawl Stone Soup version 0.24.0-125-gc4c63601f3 (webtiles) character file.

Game seed: 536309740581128878, levelgen mode: deterministic

400 Amplified the Shield-Bearer (level 6, -4/51 HPs)
             Began as a Minotaur Enchanter on Mar 6, 2020.
             Was an Initiate of Okawaru.
             Slain by a spatial maelstrom (16 damage)
             ... on level 1 of the Abyss.
             The game lasted 00:06:00 (3749 turns).

Amplified the Shield-Bearer (Minotaur Enchanter)    Turns: 3749, Time: 00:06:00

Health: -4/51      AC:  9    Str: 13 (14) XL:     6   Next: 54%
Magic:  7/7        EV:  8    Int: 12      God:    Okawaru [......]
Gold:   168        SH: 12    Dex:  9 (11) Spells: 6/7 levels left

rFire    + . .     SeeInvis .   n - +0 whip (drain)
rCold    . . .     Gourm    .   m - +0 large shield {AC+3}
rNeg     . . .     Faith    .   c - +0 ring mail
rPois    .         Spirit   .   (helmet restricted)
rElec    .         Reflect  .   j - +0 cloak
rCorr    .         Harm     .   (no gloves)
MR       .....                  (no boots)
Stlth    +.........             (no amulet)
HPRegen  0.17/turn              q - ring of protection from fire
MPRegen  0.10/turn              f - +2 ring of evasion

@: about to teleport
A: retaliatory headbutt, horns 2
a: Renounce Religion


You were on level 1 of the Abyss.
You worshipped Okawaru.
Okawaru was noncommittal.
You were not hungry.

You visited 1 branch of the dungeon, and saw 5 of its levels.
You visited the Abyss 1 time.

You collected 168 gold pieces.

Inventory:

Hand Weapons
 l - a +2 mace of holy wrath
 n - a +0 whip of draining (weapon)
Armour
 a - a +0 plate armour
 c - a +0 ring mail (worn)
 j - a +0 cloak (worn)
 m - a +0 large shield of protection (worn)
Jewellery
 b - an uncursed ring of protection from fire
 e - an uncursed amulet of faith
 f - a +2 ring of evasion (right hand)
 q - a ring of protection from fire (left hand)
Scrolls
 i - a scroll of amnesia
 k - a scroll of remove curse
Comestibles
 d - 6 rations


   Skills:
 + Level 3.4 Fighting
   Level 1.1 Short Blades
 + Level 3.1 Maces & Flails
 - Level 1.0 Throwing
 - Level 2.1 Dodging
 - Level 2.4 Stealth
 * Level 4.3 Shields
 - Level 1.3 Spellcasting
 - Level 2.0 Hexes
 * Level 3.1 Invocations


You had 6 spell levels left.
You knew the following spells:

 Your Spells              Type           Power        Failure   Level  Hunger
a - Corona                Hex            #......      99%         1    ##.....

Your spell library contained the following spells:

 Spells                   Type           Power        Failure   Level  Hunger
 Ensorcelled Hibernation  Hex/Ice        #.....       100%        2    ###....
 Confuse                  Hex            #.......     100%        3    ####...
 Dazzling Spray           Conj/Hex       #.....       100%        3    ####...
 Tukima's Dance           Hex            #.......     100%        3    ####...


Dungeon Overview and Level Annotations

Branches:
Dungeon (5/15)
 Temple: D:4-7

Altars:
Ashenzari
Cheibriados
Dithmenos
Elyvilon
Fedhas
Okawaru
Qazlal
Sif Muna
Vehumet
Xom
The Shining One


Innate Abilities, Weirdness & Mutations

You reflexively headbutt those who attack you in melee.
You have a pair of horns on your head.


Message History

A spatial vortex comes into view.
As you read the scroll of teleportation, it crumbles to dust.
You feel strangely unstable.
You feel the power of the Abyss delaying your translocation!
A spatial vortex comes into view.
Unknown command. 2 spatial vortices come into view.
A small abomination comes into view.
The spatial maelstrom hits you but does no damage.
You block the spatial maelstrom's attack.
Your resistance to elements expires.
The spatial maelstrom hits you but does no damage.
The spatial maelstrom hits you. Space bends around you.
Found 28 gold pieces.
You aren't carrying any potions.
Unknown command.
The spatial maelstrom hits you!
* * * LOW HITPOINT WARNING * * *
Space warps horribly around you!
You die...

.....>... #...#. #.# #
# ##..v...#####.#.#.. #
#.#.v.###.###.v# #...
.#......X#.###.# .. #.#
#########......#...#.#.
...v.......##(.#. ## #.
.#.###..#....... ##.
#..#v...###.. #. #
#..#@x##.... . #
#..#..# #..#.#.. #.
##... .### .. #..#..#
..## .# $# .. .. . #.


You could see a spatial maelstrom, a spatial vortex and a small abomination.

Vanquished Creatures
  An ogre (D:4)
  A scorpion (D:5)
  A bullfrog zombie (D:2)
  Crazy Yiuf (D:2)
  An orc priest (D:4)
  Jessica (D:1)
  2 worker ants
  3 gnolls (D:3)
  An adder (D:3)
  2 worms
  2 dart slugs (D:2)
  2 leopard geckos (D:2)
  3 orcs
  5 bats
  A giant cockroach (D:3)
  11 goblins
  7 hobgoblins
  4 jackals (D:3)
  A quokka (D:2)
  2 ball pythons
  10 frilled lizards
  2 kobolds
  A leopard gecko skeleton (D:4)
  A rat (D:2)
66 creatures vanquished.

Vanquished Creatures (others)
  A gnoll (D:3)
1 creature vanquished.

Grand Total: 67 creatures vanquished

Notes
Turn   | Place    | Note
-------+----------+-------------------------------------------
     0 | D:1      | Amplified the Minotaur Enchanter began the quest for the
                  | Orb.
     0 | D:1      | Reached XP level 1. HP: 14/14 MP: 1/1
   357 | D:1      | Reached skill level 1 in Fighting
   719 | D:1      | Reached XP level 2. HP: 23/23 MP: 3/3
   765 | D:1      | Reached skill level 1 in Throwing
   994 | D:2      | Noticed Jessica
  1041 | D:1      | Killed Jessica
  1041 | D:1      | Reached skill level 1 in Maces & Flails
  1041 | D:1      | Reached skill level 1 in Shields
  1041 | D:1      | Reached XP level 3. HP: 20/29 MP: 4/4
  1448 | D:2      | Found an iron altar of Okawaru.
  1448 | D:2      | Found a shimmering altar of Xom.
  1454 | D:2      | Became a worshipper of Warmaster Okawaru
  1511 | D:2      | Found a blossoming altar of Fedhas.
  1597 | D:2      | Found a shattered altar of Ashenzari.
  1642 | D:2      | Reached skill level 2 in Shields
  1734 | D:2      | Found a runed translucent door.
  1735 | D:2      | Noticed Crazy Yiuf
  1821 | D:2      | Reached skill level 1 in Invocations
  1821 | D:2      | Reached XP level 4. HP: 28/37 MP: 5/5
  1879 | D:2      | Found a stormy altar of Qazlal.
  1887 | D:2      | Found a shimmering blue altar of Sif Muna.
  1890 | D:2      | Found a radiant altar of Vehumet.
  2110 | D:2      | Killed Crazy Yiuf
  2529 | D:3      | Reached XP level 5. HP: 41/42 MP: 6/6
  2688 | D:3      | Found a white marble altar of Elyvilon.
  2695 | D:3      | Reached skill level 3 in Shields
  2966 | D:3      | Found a shadowy altar of Dithmenos.
  3020 | D:3      | Found a snail-covered altar of Cheibriados.
  3148 | D:4      | Noticed an ogre
  3171 | D:4      | HP: 1/44 [adder skeleton (3)]
  3180 | D:4      | Killed an ogre
  3180 | D:4      | Reached XP level 6. HP: 3/51 MP: 7/7
  3371 | D:4      | Found a glowing golden altar of the Shining One.
  3387 | D:4      | Reached skill level 4 in Shields
  3555 | D:4      | Reached * piety under Okawaru
  3673 | D:5      | Entered Level 5 of the Dungeon
  3714 | D:5      | Cast into level 1 of the Abyss (orc wizard)
  3739 | Abyss:1  | Noticed a tentacled starspawn
  3740 | Abyss:1  | Noticed a spatial maelstrom
  3742 | Abyss:1  | Noticed a spatial vortex
  3743 | Abyss:1  | Noticed a spatial vortex
  3744 | Abyss:1  | Noticed a spatial vortex
  3746 | Abyss:1  | Noticed a spatial vortex
  3746 | Abyss:1  | Noticed a spatial vortex
  3749 | Abyss:1  | Slain by a spatial maelstrom

Levels and vault maps discovered:
D:1:      dpeg_arrival_signposts, layout_loops_corners
D:2:      layout_rooms, minmay_overflow_temple_star_quad, fedhas_altar_3,
          lemuel_round_altar, gammafunk_temple_overflow_statue,
          uniq_crazy_yiuf_cottage, uniq_jessica
D:3:      layout_basic, overflow_temple_1_default, elyvilon_altar_4,
          overflow_temple_1_default, minmay_between
D:4:      layout_rooms, lemuel_coloured_pillars_altar, tso_metal_star,
          first_ration
D:5:      layout_basic, uniq_duvessa, uniq_menkaure, uniq_prince_ribbit1
Abyss:1:  base: D:3, guppyfry_abyss_exit_glass_guarded

Skill      XL: |  1  2  3  4  5  6 |
---------------+-------------------+-----
Fighting       | 1 2 3 |  3.4
Throwing       | 1 |  1.0
Maces & Flails | 1 2 3 |  3.1
Shields        | 1 2 3 4 |  4.3
Invocations    | 1 2 3 |  3.1
Short Blades   | |  1.1
Dodging        | |  2.1
Stealth        | |  2.4
Spellcasting   | |  1.3
Hexes          | |  2.0

Action                   |  1- 3 |  4- 6 || total
-------------------------+-------+-------++-------
Melee: Dagger            |    26 |       ||    26
       Whip              |    86 |    41 ||   127
       Headbutt          |    10 |    18 ||    28
       Mace              |       |    90 ||    90
Throw: Dart              |     6 |    12 ||    18
  Use: Scroll            |     3 |     8 ||    11
       Potion            |     1 |     6 ||     7
 Stab: Sleeping          |     1 |       ||     1
  Eat: Chunk             |     1 |     2 ||     3
       Ration            |     1 |     1 ||     2
Armor: Ring mail         |    39 |    56 ||    95
       Skin              |       |     4 ||     4
Dodge: Dodged            |    40 |    36 ||    76
Block: Large shield      |    49 |    92 ||   141
